Map: Newkirk Precinct TE (Void)

Players

앙기모띠 - Winner!

  • Race: Zerg Zerg
  • League: Master
  • Spawn Location: 7:00

nisezou

  • Race: Protoss Protoss
  • League: Diamond
  • Spawn Location: 5:00

VOD

Have the link to the VOD?

Description

Time

  • Played on: Feb. 12, 2017, 9:09 a.m.
  • Length: 7:50
Show
View Real Time Build Order
Export as new Build Order

앙기모띠 Zerg - Winner!

Build Orders: Pool First 

Get SALT Encoding   

  12  0:18  Spawning Pool  
  11  0:23  Drone  
  11  0:27  Drone  
  13  0:35  Overlord  
  13  1:05  Queen, Zergling x6  
  18  1:16  Drone  
  19  1:32  Drone  
  20  1:38  Hatchery  
  19  1:46  Queen  
  21  1:54  Overlord  
  21  1:59  Drone  
  21  2:01  Extractor  
  21  2:05  Drone  
  22  2:14  Drone x2  
  24  2:21  Drone x2  
  26  2:29  Overlord  
  26  2:36  Drone  
  27  2:45  Drone  
  28  2:52  Drone  
  28  2:55  Queen  
  28  2:56  Drone  
  32  3:14  Drone x2, Roach Warren, Extractor  
  32  3:18  Drone  
  33  3:20  Drone  
  33  3:26  Drone x2  
  36  3:31  Metabolic Boost  
  36  3:35  Drone  
  37  3:43  Drone  
  37  3:44  Drone x2  
  40  3:49  Drone x2  
  40  3:52  Drone  
  43  3:58  Overlord  
  43  4:01  Overlord  
  43  4:10  Evolution Chamber, Lair  
  41  4:25  Roach x4  
  41  4:26  Roach  
  41  4:30  Roach  
  53  4:35  Zerg Missile Weapons Level 1, Spore Crawler  
  52  4:40  Roach  
  52  4:44  Roach  
  56  4:46  Roach  
  56  4:50  Overlord  
  58  4:53  Overlord  
  58  5:05  Roach  
  60  5:10  Roach x4  
  67  5:15  Roach x2  
  71  5:27  Overlord x3  
  71  5:28  Drone  
  71  5:33  Glial Reconstitution  
  72  5:51  Drone x3  
  72  5:52  Drone  
  72  5:54  Hatchery, Drone  
  76  5:57  Drone  
  77  6:04  Drone  
  77  6:05  Drone x3  
  77  6:07  Drone  
  77  6:11  Extractor x2  
  81  6:12  Drone  
  81  6:13  Drone  
  81  6:20  Drone  
  81  6:21  Hydralisk Den  
  81  6:26  Drone x2  
  81  6:27  Drone  
  84  6:36  Spore Crawler  
  84  6:37  Overlord  
  83  6:45  Drone  
  83  6:46  Drone x5  
  89  6:48  Drone  
  89  6:50  Drone  
  91  7:01  Overlord  
  91  7:02  Hydralisk  
  91  7:05  Hydralisk  
  95  7:11  Hydralisk x2  
  85  7:18  Hydralisk x2  
  81  7:25  Hydralisk x2  
  81  7:26  Hydralisk  
  85  7:31  Zergling x4  
  85  7:32  Zergling x2  
Show
View Real Time Build Order
Export as new Build Order

nisezou Protoss 

Build Orders:  

Get SALT Encoding   

  12  0:02  Probe (Chrono Boost)  
  13  0:13  Probe (Chrono Boost)  
  14  0:22  Pylon  
  14  0:23  Probe (Chrono Boost)  
  15  0:40  Probe (Chrono Boost)  
  15  0:41  Gateway  
  16  0:46  Assimilator  
  16  0:51  Probe (Chrono Boost)  
  17  1:01  Probe (Chrono Boost)  
  18  1:12  Probe (Chrono Boost)  
  18  1:17  Pylon  
  19  1:18  Pylon  
  19  1:25  Probe (Chrono Boost)  
  20  1:28  Cybernetics Core  
  20  1:31  Zealot  
  22  1:46  Assimilator  
  22  1:55  Zealot  
  22  2:00  Gateway  
  24  2:08  Mothership Core (Chrono Boost), Warp Gate  
  26  2:24  Adept  
  29  2:30  Probe (Chrono Boost)  
  29  2:43  Probe (Chrono Boost)  
  30  2:55  Probe (Chrono Boost)  
  30  2:56  Twilight Council  
  31  3:05  Pylon  
  31  3:20  Resonating Glaives  
  31  3:25  Probe (Chrono Boost)  
  32  3:30  Nexus  
  32  3:52  Adept  
  34  3:59  Gateway x2  
  35  4:04  Probe (Chrono Boost)  
  35  4:12  Sentry  
  35  4:16  Probe (Chrono Boost)  
  38  4:28  Probe (Chrono Boost)  
  39  4:34  Pylon  
  37  4:48  Probe (Chrono Boost)  
  37  4:49  Probe (Chrono Boost)  
  39  4:52  Adept  
  39  4:53  Adept x2  
  39  4:58  Probe (Chrono Boost)  
  47  5:01  Probe (Chrono Boost)  
  47  5:09  Probe (Chrono Boost)  
  47  5:11  Adept, Stargate  
  47  5:13  Probe (Chrono Boost)  
  51  5:16  Stargate  
  51  5:24  Probe (Chrono Boost)  
  51  5:26  Probe (Chrono Boost)  
  54  5:36  Probe (Chrono Boost)  
  54  5:48  Assimilator  
  52  5:50  Void Ray  
  52  5:52  Assimilator  
  52  5:53  Void Ray  
  52  5:55  Pylon  
  60  6:07  Probe (Chrono Boost)  
  60  6:08  Pylon  
  61  6:14  Stalker  
  61  6:15  Stalker x2  
  67  6:24  Probe (Chrono Boost)  
  67  6:25  Probe (Chrono Boost)  
  69  6:27  Pylon, Sentry  
  71  6:38  Sentry  
  71  6:39  Sentry  
  75  6:45  Pylon  
  75  6:47  Zealot  
  75  6:52  Stalker  
  79  6:56  Probe x2 (Chrono Boost)  
  81  7:01  Stalker  
  81  7:02  Stalker  
  75  7:17  Adept x2  
  75  7:18  Phoenix x2  
Tags
 
Add a new tag
Caveats
  • Supply blocks, unpowered buildings, or Contaminate may cause inaccurate times.
  • Supply counts are checked every 10 seconds.